 Dungeon Crawl Stone Soup version 0.21.1-1-g345015fe64 (webtiles) character file.

37 Barbies the Chiller (level 3, -4/24 HPs)
             Began as a Merfolk Ice Elementalist on May 28, 2018.
             Slain by a worm (8 damage)
             ... on level 2 of the Dungeon.
             The game lasted 00:16:17 (1697 turns).

Barbies the Chiller (Merfolk Ice Elementalist)      Turns: 1697, Time: 00:16:18

Health: -4/24      AC:  3    Str:  8    XL:     3   Next: 41%
Magic:  2/6        EV: 13    Int: 15    God:
Gold:   76         SH:  0    Dex: 14    Spells: 0/6 levels left

rFire    . . .     SeeInvis .   n - +0 short sword
rCold    . . .     Gourm    .   (no shield)
rNeg     . . .     Faith    .   a - +0 robe
rPois    .         Spirit   .   (no helmet)
rElec    .         Reflect  .   (no cloak)
rCorr    .         Harm     .   (no gloves)
MR       .....                  l - +0 pair of boots
Stlth    ++........             (no amulet)
HPRegen  0.08/turn              (no ring)
MPRegen  0.10/turn              (no ring)

@: no status effects
A: change form in water, swift swim, stealthy swim
a: no special abilities


You were on level 2 of the Dungeon.
You were hungry.

You visited 1 branch of the dungeon, and saw 2 of its levels.

You collected 76 gold pieces.

Inventory:

Hand Weapons
 g - a +0 club
 h - a +0 dagger
 i - a +0 hunting sling
 n - a +0 short sword (weapon)
Missiles
 e - 21 sling bullets
Armour
 a - a +0 robe (worn)
 l - a +0 pair of boots (worn)
Scrolls
 d - a scroll of identify
 f - a scroll of magic mapping {unknown}
 k - a scroll of immolation {unknown}
 m - a scroll of remove curse {unknown}
Potions
 c - 2 potions of berserk rage {unknown}
 j - 2 potions of cancellation {unknown}
Books
 b - a book of Frost

   Spells                             Type                      Level
   a - Freeze                         Ice                          1
   b - Throw Frost                    Conjuration/Ice              2
   c - Ozocubu's Armour               Charms/Ice                   3
   d - Throw Icicle                   Conjuration/Ice              4
   e - Summon Ice Beast               Ice/Summoning                4


   Skills:
 + Level 2.8 Dodging
 + Level 2.4 Stealth
 + Level 2.3 Spellcasting
 + Level 0.9 Conjurations
 + Level 4.3 Ice Magic


You couldn't memorise any spells.
You knew the following spells:

 Your Spells              Type           Power        Failure   Level  Hunger
a - Freeze                Ice            ##..         3%          1    #......
b - Throw Frost           Conj/Ice       #.....       11%         2    ###....
c - Ozocubu's Armour      Chrm/Ice       #.......     26%         3    ###....


Dungeon Overview and Level Annotations

Branches:
Dungeon (2/15)

Altars:


Message History

The worm is lightly wounded.
The worm bites you!
You hit the worm.
The worm is lightly wounded.
The worm closely misses you.
You barely miss the worm.
The worm is lightly wounded.
You hit the worm but do no damage.
The worm is lightly wounded.
The worm closely misses you.
You hit the worm.
The worm is lightly wounded.
You hit the worm.
The worm is moderately wounded.
The worm bites you!
* * * LOW HITPOINT WARNING * * *
You barely miss the worm.
The worm is moderately wounded.
The worm bites you!
You die...

#......#..#
##.........# .#
#####..........# #.#
.w......#.###### #.#
#####...#.# #.# #####.#
#.# ##w## #.# ###
##..<##########.# #.##
##.........@.....#
.#.###........###w###.#
###.#...).....#.....#.#
.#..'.........#.....#.#
..###............>)...#
### ##........#....†#.#
#######.....#.#.....#.#
##........(##.###.###.#
...######.###.........#


You could see a worm.

Vanquished Creatures
  An adder (D:2)
  3 dart slugs (D:1)
  A ball python (D:1)
  4 bats
  4 hobgoblins
  A frilled lizard (D:1)
  4 goblins
  A kobold (D:1)
  2 rats
21 creatures vanquished.

Notes
Turn   | Place    | Note
-------+----------+-------------------------------------------
     0 | D:1      | Barbies the Merfolk Ice Elementalist began the quest for the Orb.
     0 | D:1      | Reached XP level 1. HP: 13/13 MP: 3/3
   485 | D:1      | Reached XP level 2. HP: 19/19 MP: 1/5
   520 | D:1      | Learned a level 2 spell: Throw Frost
   740 | D:2      | Reached skill level 4 in Ice Magic
  1346 | D:1      | Reached XP level 3. HP: 19/24 MP: 1/6
  1641 | D:2      | Learned a level 3 spell: Ozocubu's Armour
  1697 | D:2      | Slain by a worm

Skill      XL: |  1  2 |
---------------+-------+-----
Ice Magic      | 4 |  4.3
Dodging        | |  2.8
Stealth        | |  2.4
Spellcasting   | |  2.3
Conjurations   | |  0.9

Action                   || total
-------------------------++-------
Melee: Unarmed           ||    21
       Dagger            ||    28
       Short sword       ||    13
 Cast: Freeze            ||    11
       Throw Frost       ||    19
  Use: Scroll            ||     1
  Eat: Ration            ||     1
Armor: Robe              ||    13
Dodge: Dodged            ||    43
